 Dungeon Crawl Stone Soup version 0.23-a0-622-g59b4ea9 (webtiles) character file.

254 Leeroy the Charmwright (level 6, -2/50 HPs)
             Began as a Gnoll Skald on Dec 23, 2018.
             Slain by a gnoll
             ... wielding a +2 halberd of chopping
              (12 damage)
             ... on level 2 of the Dungeon.
             The game lasted 00:04:26 (1644 turns).

Leeroy the Charmwright (Gnoll Skald)                Turns: 1644, Time: 00:04:27

Health: -2/50      AC:  5    Str: 13    XL:     6   Next: 14%
Magic:  13/13      EV: 13    Int: 18    God:
Gold:   83         SH:  0    Dex: 14    Spells: 4/15 levels left

rFire    . . .     SeeInvis .   a - +0 falchion
rCold    . . .     Gourm    .   (no shield)
rNeg     . . .     Faith    .   m - +0 ring mail
rPois    .         Spirit   .   (no helmet)
rElec    .         Reflect  .   (no cloak)
rCorr    .         Harm     .   (no gloves)
MR       .....                  (no boots)
Stlth    +.........             (no amulet)
HPRegen  0.16/turn              (no ring)
MPRegen  0.13/turn              (no ring)

@: lethally poisoned (-2 -> -3)
A: distributed training, fangs 1, strong nose
a: no special abilities


You were on level 2 of the Dungeon.
You were not hungry.

You visited 1 branch of the dungeon, and saw 3 of its levels.

You collected 83 gold pieces.

Inventory:

Hand Weapons
 a - a +0 falchion (weapon)
 c - a +0 spear
 g - a +0 short sword
 i - a +0 dagger
 r - a +0 short sword
Missiles
 f - 35 stones (quivered)
 j - 72 arrows
 k - 16 bolts
 o - 20 sling bullets
Armour
 b - a +0 leather armour
 m - a +0 ring mail (worn)
 s - a scarf of repulsion
Jewellery
 l - an uncursed ring of stealth {unknown}
Scrolls
 h - a scroll of blinking {unknown}
 n - 2 scrolls of identify {unknown}
 q - a scroll of amnesia {unknown}
Potions
 e - 2 potions of agility
 p - a potion of ambrosia {unknown}
Comestibles
 d - a ration
 t - 5 chunks of flesh


   Skills:
 + Level 4.9 Fighting
 + Level 1.8 Short Blades
 + Level 4.9 Long Blades
 + Level 1.8 Axes
 + Level 1.8 Maces & Flails
 + Level 1.8 Polearms
 + Level 1.8 Staves
 + Level 1.8 Slings
 + Level 1.8 Bows
 + Level 1.8 Crossbows
 + Level 1.8 Throwing
 + Level 3.1 Armour
 + Level 4.9 Dodging
 + Level 1.8 Stealth
 + Level 1.8 Shields
 + Level 1.8 Unarmed Combat
 + Level 5.3 Spellcasting
 + Level 1.4 Conjurations
 + Level 1.4 Hexes
 + Level 5.6 Charms
 + Level 1.4 Summonings
 + Level 1.4 Necromancy
 + Level 1.4 Translocations
 + Level 1.4 Transmutations
 + Level 1.4 Fire Magic
 + Level 1.4 Ice Magic
 + Level 1.4 Air Magic
 + Level 1.4 Earth Magic
 + Level 1.4 Poison Magic
 + Level 2.0 Invocations
 + Level 1.8 Evocations


You had 4 spell levels left.
You knew the following spells:

 Your Spells              Type           Power        Failure   Level  Hunger
a - Infusion              Chrm           ####         2%          1    None
b - Shroud of Golubria    Chrm/Tloc      ###.......   10%         2    #......
c - Song of Slaying       Chrm           ####....     4%          2    #......
d - Regeneration          Chrm/Necr      ###.......   19%         3    ##.....
e - Spectral Weapon       Hex/Chrm       ###.....     19%         3    ##.....

Your spell library contained the following spells:

 Spells                   Type           Power        Failure   Level  Hunger


Dungeon Overview and Level Annotations

Branches:
Dungeon (3/15)

Altars:


Innate Abilities, Weirdness & Mutations

Your experience applies equally to all skills.
You have very sharp teeth.
Your uncanny sense of smell can sniff out nearby items.


Message History

You see here a stone.
f - 35 stones (gained 1)
The gnoll throws a stone.
The stone hits you.
You see here a stone.
You feel sick.
The gnoll throws a stone.
The stone hits you but does no damage.
You see here a stone.
The gnoll hits you with a +0 flail.
You hit the gnoll.
The gnoll is moderately wounded.
The gnoll hits you but does no damage.
The gnoll drinks a potion.
The gnoll suddenly seems more agile.
Your ring mail prevents you from hitting the gnoll.
The gnoll is moderately wounded.
You feel sick. The gnoll barely misses you. x2
You hit the gnoll but do no damage.
The gnoll is moderately wounded.
The gnoll hits you with a +0 flail!
* * * LOW HITPOINT WARNING * * *
The gnoll hits you from afar with a +2 halberd of chopping!
You die...

#.# #.#
##########
#.# #
%g.ggg...#
#.#.#
.#######.#
#.#. .
.### #.#
#.. ..
.).# #.##
#g# ...
##g# #..#
#@# ....
#g# ##.##
#(##.....
##'## #..#
#(g'.....


.ggg# ##.## #.##..... rlr.# #..# #.# #### ....## ##.####'###### .....#
#.#.........# .....######.#.........# .>...#......#.........# You could see 2
gnolls.

Vanquished Creatures
  Sigmund (D:2)
  Jessica (D:2)
  3 gnolls (D:2)
  An adder (D:2)
  2 worms (D:2)
  A dart slug (D:1)
  2 leopard geckos
  A bat (D:2)
  6 goblins
  5 hobgoblins
  6 kobolds
  A ball python (D:2)
  2 frilled lizards (D:1)
  4 rats
36 creatures vanquished.

Notes
Turn   | Place    | Note
-------+----------+-------------------------------------------
     0 | D:1      | Leeroy the Gnoll Skald began the quest for the Orb.
     0 | D:1      | Reached XP level 1. HP: 20/20 MP: 6/6
    79 | D:1      | Reached XP level 2. HP: 26/26 MP: 7/7
    83 | D:1      | Learned a level 2 spell: Shroud of Golubria
   611 | D:1      | Reached XP level 3. HP: 31/31 MP: 9/9
   615 | D:1      | Learned a level 2 spell: Song of Slaying
   619 | D:1      | Learned a level 3 spell: Regeneration
   623 | D:1      | Learned a level 3 spell: Spectral Weapon
   758 | D:2      | Noticed Sigmund
   769 | D:2      | Killed Sigmund
   769 | D:2      | Reached skill level 1 in Short Blades
   769 | D:2      | Reached skill level 1 in Axes
   769 | D:2      | Reached skill level 1 in Maces & Flails
   769 | D:2      | Reached skill level 1 in Polearms
   769 | D:2      | Reached skill level 1 in Staves
   769 | D:2      | Reached skill level 1 in Slings
   769 | D:2      | Reached skill level 1 in Bows
   769 | D:2      | Reached skill level 1 in Crossbows
   769 | D:2      | Reached skill level 1 in Throwing
   769 | D:2      | Reached skill level 1 in Stealth
   769 | D:2      | Reached skill level 1 in Shields
   769 | D:2      | Reached skill level 1 in Unarmed Combat
   769 | D:2      | Reached skill level 5 in Spellcasting
   769 | D:2      | Reached skill level 1 in Conjurations
   769 | D:2      | Reached skill level 1 in Hexes
   769 | D:2      | Reached skill level 1 in Summonings
   769 | D:2      | Reached skill level 1 in Necromancy
   769 | D:2      | Reached skill level 1 in Translocations
   769 | D:2      | Reached skill level 1 in Transmutations
   769 | D:2      | Reached skill level 1 in Fire Magic
   769 | D:2      | Reached skill level 1 in Ice Magic
   769 | D:2      | Reached skill level 1 in Air Magic
   769 | D:2      | Reached skill level 1 in Earth Magic
   769 | D:2      | Reached skill level 1 in Poison Magic
   769 | D:2      | Reached skill level 1 in Invocations
   769 | D:2      | Reached skill level 1 in Evocations
   769 | D:2      | Reached XP level 4. HP: 38/38 MP: 1/11
   769 | D:2      | Reached XP level 5. HP: 43/43 MP: 1/12
   945 | D:2      | Noticed Jessica
   950 | D:2      | Killed Jessica
  1264 | D:2      | Reached XP level 6. HP: 32/50 MP: 9/13
  1271 | D:2      | HP: 2/50 [gnoll/+0 spear (5)]
  1644 | D:2      | Slain by a gnoll

Vault maps used:
D:1:      sevenhm_arrival_forest_fort_small_5, st_stairs_7, grunt_decor_clamped
D:2:      uniq_jessica, uniq_sigmund
D:3:      grunt_ministairs_6, lemuel_blue_sif_altar, uniq_ijyb

Skill      XL: |  1  2  3  4  5  6 |
---------------+-------------------+-----
Short Blades   | 1 |  1.8
Axes           | 1 |  1.8
Maces & Flails | 1 |  1.8
Polearms       | 1 |  1.8
Staves         | 1 |  1.8
Slings         | 1 |  1.8
Bows           | 1 |  1.8
Crossbows      | 1 |  1.8
Throwing       | 1 |  1.8
Armour         | 3 |  3.1
Stealth        | 1 |  1.8
Shields        | 1 |  1.8
Unarmed Combat | 1 |  1.8
Spellcasting   | 5 |  5.3
Conjurations   | 1 |  1.4
Hexes          | 1 |  1.4
Summonings     | 1 |  1.4
Necromancy     | 1 |  1.4
Translocations | 1 |  1.4
Transmutations | 1 |  1.4
Fire Magic     | 1 |  1.4
Ice Magic      | 1 |  1.4
Air Magic      | 1 |  1.4
Earth Magic    | 1 |  1.4
Poison Magic   | 1 |  1.4
Invocations    | 1 2 |  2.0
Evocations     | 1 |  1.8
Fighting       | |  4.9
Long Blades    | |  4.9
Dodging        | |  4.9
Charms         | |  5.6

Action                   |  1- 3 |  4- 6 || total
-------------------------+-------+-------++-------
Melee: Falchion          |    54 |    72 ||   126
       Bite              |     4 |     6 ||    10
       Dagger            |       |     1 ||     1
       Punch             |       |     1 ||     1
 Cast: Spectral Weapon   |     1 |     3 ||     4
       Regeneration      |     1 |       ||     1
       Shroud of Golubri |     1 |       ||     1
 Stab: Sleeping          |       |     1 ||     1
  Eat: Chunk             |       |     1 ||     1
       Ration            |       |     1 ||     1
Armor: Leather armour    |     5 |       ||     5
       Ring mail         |     6 |    29 ||    35
Dodge: Dodged            |    36 |    60 ||    96
       Rpst.: Falchion   |    14 |    11 ||    25

Table legend:
 A = Non-vault XP
 B = Vault XP
 C = Vault XP percentage of total XP
 D = Non-vault monster count
 E = Vault monster count
 F = Vault count percentage of total count
                 A         B        C        D         E       F
            +---------+---------+-------+---------+---------+-------
      Total |     111 |     252 |  69.4 |      32 |       4 |  11.1
            +---------+---------+-------+---------+---------+-------
        D:1 |      32 |       3 |   8.6 |      18 |       2 |  10.0
        D:2 |      76 |     249 |  76.6 |      13 |       2 |  13.3
        D:3 |       3 |       0 |   0.0 |       1 |       0 |   0.0
            +---------+---------+-------+---------+---------+-------
